 Dungeon Crawl Stone Soup version 0.31-a0-174-g85c54bcb58 (webtiles) character file.

Game seed: 105016238501443503

826 qw the Skirmisher (level 7, -1/44 HPs)
             Began as a Gargoyle Hunter on June 15, 2023.
             Slain by an orc warrior
             ... wielding a +0 halberd
              (7 damage)
             ... on level 5 of the Dungeon.
             The game lasted 00:01:42 (4210 turns).

qw the Skirmisher (Gargoyle Hunter)                 Turns: 4210, Time: 00:01:42

Health: -1/44      AC: 13    Str: 15    XL:     7   Next: 96%
Magic:  7/7        EV: 12    Int:  9    God:
Gold:   176        SH:  0    Dex: 15    Spells: 6/6 levels left

rFire   . . .        Y - +1 shortbow
rCold   . . .        (shield currently unavailable)
rNeg    + . .        j - +2 leather armour of the Eight Boll Weevils {SInv}
rPois   inf          a - +0 helmet
rElec   +            (no cloak)
rCorr   .            h - +0 pair of gloves
SInv    +            m - +0 pair of boots
Will    .....        (no amulet)
Stlth   ++           (no ring)
HPRegen 0.27/turn    (no ring)
MPRegen 0.10/turn

%: no passive effects
@: no status effects
A: sickness immunity, AC +4, negative energy resistance 1, electricity
resistance, torment resistance 1, petrification resistance
a: no special abilities


You were on level 5 of the Dungeon.
You visited 1 branch of the dungeon, and saw 5 of its levels.

You collected 236 gold pieces.
You spent 60 gold pieces at shops.


Innate Abilities, Weirdness & Mutations

You are immune to sickness and miasma.
Your stone body is resilient. (AC +4)
You are immune to poison.
You resist negative energy. (rN+)
You are resistant to electric shocks. (rElec)
You are resistant to unholy torment.
You are immune to petrification.


   Skills:
 - Level 5.0 Fighting
 + Level 8.3 Ranged Weapons
 - Level 1.0 Armour
 - Level 2.0 Dodging
 - Level 1.1 Stealth


You had 6 spell levels left.
You didn't know any spells.
Your spell library was empty.

Inventory:

Hand Weapons
 Y - a +1 shortbow (weapon)
Armour
 a - a +0 helmet (worn)
 h - a +0 pair of gloves (worn)
 j - the +2 leather armour of the Eight Boll Weevils (worn) {SInv}
   (You found it on level 3 of the Dungeon)

   SInv:      It lets you see invisible.
 m - a +0 pair of boots (worn)
Scrolls
 d - 2 scrolls of identify
Potions
 b - a potion of might
 c - a potion of resistance {unknown}
 f - a potion of curing
 g - a potion of cancellation
 i - a potion of mutation
 l - a potion of magic

Dungeon Overview and Level Annotations

Branches:
Dungeon (5/15)
 Temple: D:4-7

Altars:
Ashenzari
Dithmenos
Nemelex Xobeh
The Shining One

Shops:
D:1 :   D:2 ?

Annotations:
D:5 Eustachio


Message History

The orc warrior hits you from afar with a +0 halberd!
You shoot an arrow. The arrow hits the orc warrior.
The orc warrior is severely wounded.
The orc warrior hits you but does no damage.
You shoot an arrow. The arrow hits the orc warrior.
The orc warrior is almost dead.
The orc warrior closely misses you.
You shoot an arrow.
The arrow hits the orc warrior but does no damage.
The orc warrior is almost dead.
The orc warrior barely misses you.
You shoot an arrow.
The arrow completely misses the orc warrior.
The orc warrior hits you from afar with a +0 halberd.
You shoot an arrow.
The arrow hits the orc warrior but does no damage.
The orc warrior is almost dead.
The orc warrior barely misses you.
You shoot an arrow.
The arrow barely misses the orc warrior.
The orc warrior hits you from afar with a +0 halberd.
You shoot an arrow.
The arrow closely misses the orc warrior.
The orc warrior misses you.
You shoot an arrow.
The arrow hits the orc warrior but does no damage.
The orc warrior is almost dead.
The orc warrior hits you from afar with a +0 halberd!
You shoot an arrow.
The arrow hits the orc warrior but does no damage.
The orc warrior is almost dead.
The orc warrior misses you.
You shoot an arrow.
The arrow hits the orc warrior but does no damage.
The orc warrior is almost dead.
The orc warrior hits you from afar with a +0 halberd!
You shoot an arrow. The arrow hits the orc warrior.
The orc warrior is almost dead.
The orc warrior hits you from afar with a +0 halberd!
You die...

#.####...### ##
#........#_+ .#
####.####(..####.#
##.##.## #......#.#
.......###......#.#
##......##%.....#.#
#.#.#...)......#.#
#.#.#.)##.#####..#
#.#.#.#...# #@##
###.#)##### #)#
#.#.# #o# #.#.# #)#
###.#.### ...
##.#.#.#.## ..#
#..#.#.#..# ..#
+....#....+ ..).
#....#....#


You could see an orc warrior.

Vanquished Creatures
  A black bear (D:5)
  An ogre (D:5)
  2 scorpions (D:4)
  3 orc priests
  A hound (D:5)
  3 jellies
  A gnoll bouda (D:5)
  An iguana (D:5)
  Terence (D:2)
  An orc wizard (D:5)
  7 gnolls
  6 adders
  3 worms
  2 dart slugs
  11 orcs
  4 bats
  7 endoplasms
  4 giant cockroaches
  3 goblins
  10 hobgoblins
  5 jackals
  2 quokkas
  8 ball pythons
  5 frilled lizards
  8 kobolds
  5 rats
105 creatures vanquished.

Notes
Turn   | Place    | Note
-------+----------+-------------------------------------------
     0 | D:1      | qw the Gargoyle Hunter began the quest for the Orb.
     0 | D:1      | Reached XP level 1. HP: 12/12 MP: 1/1
     0 | D:1      | 0 ||| qw: Version: 0.2-a-29-g511e9b1
     0 | D:1      | 0 ||| qw: Game counter: 5553
     0 | D:1      | 0 ||| qw: Always use a shield: true
     0 | D:1      | 0 ||| qw: God list: Okawaru
     0 | D:1      | 0 ||| qw: Allow faded altars: false
     0 | D:1      | 0 ||| qw: Do Orc after D:15 true
     0 | D:1      | 0 ||| qw: Do second Lair branch before Depths: true
     0 | D:1      | 0 ||| qw: Lair rune preference: random
     0 | D:1      | 0 ||| qw: Plans: Normal, Zot:1-4, Slime:5, God:TSO, Crypt,
                  | Tomb, Abyss, Pan, Hells, Win
     0 | D:1      | 0 ||| PLANNING D:1-11
    92 | D:1      | Reached XP level 2. HP: 17/17 MP: 2/2
   153 | D:1      | Found Ummifado's Book Emporium.
   164 | D:1      | 164 ||| READING scroll labelled MARU NECEAG.
   674 | D:1      | 674 ||| UPGRADING to +0 helmet.
   679 | D:1      | 679 ||| READING scroll labelled DIATOB YNUKK.
   680 | D:1      | 680 ||| READING 2 scrolls labelled CEBICLEATE.
   683 | D:1      | 683 ||| READING scroll labelled FAR ECAM IPRUA.
   684 | D:1      | 684 ||| DRINKING 2 yellow potions.
   685 | D:1      | 685 ||| DROPPING scroll of butterflies.
   762 | D:2      | Reached XP level 3. HP: 21/21 MP: 3/3
   770 | D:2      | Reached skill level 5 in Ranged Weapons
   810 | D:2      | Noticed Terence
   817 | D:2      | 817 ||| READING 2 scrolls labelled POIFAE DETS.
   818 | D:2      | HP: 5/22 [Terence/+0 trident (5)]
   819 | D:2      | 819 ||| READING 2 scrolls of teleportation.
   821 | D:2      | 821 ||| DROPPING scroll of immolation.
   969 | D:2      | Found a faded altar of an unknown god.
   989 | D:2      | Killed Terence
   990 | D:2      | Reached skill level 3 in Fighting
   990 | D:2      | Reached XP level 4. HP: 27/28 MP: 4/4
  1158 | D:2      | Found a shadowy altar of Dithmenos.
  1223 | D:2      | 1223 ||| UPGRADING to +0 pair of gloves.
  1228 | D:2      | 1228 ||| Stepping ~*~*~tactically~*~*~ (water).
  1332 | D:2      | Found Omnimen's Magic Scroll Shop.
  1337 | D:2      | Reached skill level 1 in Armour
  1342 | D:2      | 1342 ||| BUYING scroll of identify (20 gold).
  1342 | D:2      | Bought a scroll of identify for 20 gold pieces
  1342 | D:2      | 1342 ||| BUYING scroll of identify (20 gold).
  1342 | D:2      | Bought a scroll of identify for 20 gold pieces
  1342 | D:2      | 1342 ||| BUYING scroll of identify (20 gold).
  1342 | D:2      | Bought a scroll of identify for 20 gold pieces
  1599 | D:2      | 1599 ||| READING 4 scrolls of identify.
  1599 | D:2      | 1599 ||| IDENTIFYING pink potion
  1600 | D:2      | 1600 ||| READING 3 scrolls of identify.
  1600 | D:2      | 1600 ||| IDENTIFYING puce potion
  1601 | D:2      | 1601 ||| READING 2 scrolls of identify.
  1601 | D:2      | 1601 ||| IDENTIFYING bubbling golden potion
  1620 | D:3      | Identified the +2 leather armour of the Eight Boll Weevils
                  | {SInv}
  1759 | D:3      | Reached XP level 5. HP: 24/32 MP: 5/5
  1766 | D:3      | 1766 ||| FLEEEEING.
  1769 | D:3      | HP: 4/32 [worm (7)]
  1770 | D:3      | 1770 ||| READING 2 scrolls of teleportation.
  2157 | D:3      | Found a sparkling altar of Nemelex Xobeh.
  2258 | D:3      | Reached skill level 6 in Ranged Weapons
  2474 | D:3      | Found a glowing golden altar of the Shining One.
  2475 | D:3      | 2475 ||| UPGRADING to +2 leather armour of the Eight Boll
                  | Weevils {SInv}.
  2485 | D:3      | 2485 ||| DROPPING +0 leather armour.
  2486 | D:3      | 2486 ||| READING scroll labelled DECEMOLEVOX.
  2487 | D:3      | 2487 ||| DRINKING 2 glowing inky potions.
  2679 | D:4      | Reached XP level 6. HP: 27/38 MP: 6/6
  3100 | D:4      | Reached skill level 7 in Ranged Weapons
  3272 | D:4      | 3272 ||| UPGRADING to +0 pair of boots.
  3277 | D:4      | 3277 ||| READING scroll labelled WISEB SOCONAOR.
  3278 | D:4      | 3278 ||| READING scroll labelled OSUESIPPUMA.
  3279 | D:4      | 3279 ||| DRINKING 2 viscous orange potions.
  3291 | D:5      | Entered Level 5 of the Dungeon
  3319 | D:5      | Reached XP level 7. HP: 41/43 MP: 7/7
  3581 | D:5      | Noticed Eustachio
  3596 | D:5      | HP: 10/43 [gnoll/+0 spear[a gnoll sergeant] (4)]
  3596 | D:5      | HP: 4/43 [Eustachio/+0 rapier (6)]
  3597 | D:5      | 3597 ||| READING 2 scrolls of teleportation.
  3598 | D:5      | 3598 ||| DRINKING potion of heal wounds.
  3853 | D:5      | Reached skill level 8 in Ranged Weapons
  3990 | D:5      | 3990 ||| Stepping ~*~*~tactically~*~*~ (outnumbered).
  4005 | D:5      | HP: 9/44 [orc/+0 whip (4)]
  4006 | D:5      | 4006 ||| READING scroll of teleportation.
  4169 | D:5      | Found a broken altar of Ashenzari.
  4209 | D:5      | HP: 5/44 [orc warrior/+0 halberd (7)]
  4210 | D:5      | Slain by an orc warrior

Levels and vault maps discovered:
D:1:      minmay_arrival_five_plusses, layout_basic, serial_shops, shop
D:2:      layout_loops_ring, basic_altar, dilly_ecumenical_altar_fadedgnrine,
          serial_shops, nicolae_shop_pleasant_corner_grove,
          guppyfry_early_lair_pool, uniq_terence
D:3:      layout_basic, nemelex_spade_bored_becter, tso_oasis_becter
D:4:      layout_loops_ring, nicolae_zen_rock_garden
D:5:      layout_loops_corners, ashenzari_conservatory_becter,
          serial_co_window_serial, co_window_corner_a, co_window_paths_b,
          co_window_paths_b, co_window_of_opportunity_a, co_window_paths_b,
          co_window_paths_a, co_window_paths_a, co_window_2corner,
          co_window_unsneaky_path_b, co_window_unsneaky_path_d,
          co_window_of_opportunity_b, uniq_eustachio

Skill      XL: |  1  2  3  4  5  6  7 |
---------------+----------------------+-----
Ranged Weapons | 5 6 7 8 |  8.3
Fighting       | 3 4 5 |  5.0
Armour         | 1 |  1.0
Dodging        | 2 |  2.0
Stealth        | |  1.1

Action                     |  1- 3 |  4- 6 |  7- 9 || total
---------------------------+-------+-------+-------++-------
   Fire: Shortbow          |    87 |   224 |   107 ||   418
    Use: Scroll            |     6 |     7 |     2 ||    15
         Potion            |     1 |     2 |     1 ||     4
 Armour: Leather armour    |    29 |    37 |    37 ||   103
  Dodge: Dodged            |    29 |    44 |    52 ||   125

Table legend:
 A = Non-vault XP
 B = Vault XP
 C = Vault XP percentage of total XP
 D = Non-vault monster count
 E = Vault monster count
 F = Vault count percentage of total count
                 A         B        C        D         E       F
            +---------+---------+-------+---------+---------+-------
      Total |    1144 |      36 |   3.1 |     104 |       1 |   1.0
            +---------+---------+-------+---------+---------+-------
        D:1 |      26 |       0 |   0.0 |      16 |       0 |   0.0
        D:2 |      73 |      36 |  33.0 |      26 |       1 |   3.7
        D:3 |     105 |       0 |   0.0 |      20 |       0 |   0.0
        D:4 |     343 |       0 |   0.0 |      23 |       0 |   0.0
        D:5 |     597 |       0 |   0.0 |      19 |       0 |   0.0
            +---------+---------+-------+---------+---------+-------
